 Dungeon Crawl Stone Soup version bcrawl-1.21.2-20-g6d45ba5942 (webtiles) character file.

Game seed: 1791104869669491956

140 MisterOstroum the Cudgeler (level 5, 0/81 HPs)
             Began as an Ogre Archaeologist on Feb 26, 2020.
             Was a Follower of Kikubaaqudgha.
             Succumbed to a worker ant's poison
             ... on level 3 of the Dungeon.
             The game lasted 00:05:39 (3675 turns).

MisterOstroum the Cudgeler (Ogre Archaeologist)     Turns: 3675, Time: 00:05:40

Health: 0/81       AC:  7    Str: 21    XL:     5   Next: 22%
Magic:  4/6        EV: 21    Int: 15    God:    Kikubaaqudgha [*.....]
Gold:   191        SH:  0    Dex: 12    Spells: 4/5 levels left

rFire    . . .     SeeInvis .   t - +3 short sword
rCold    . . .     Gourm    .   (no shield)
rNeg     . . .     Faith    .   k - +1 robe
rPois    .         Spirit   .   c - +1 hat
rElec    .         Reflect  .   (no cloak)
rCorr    .         Harm     .   (gloves unavailable)
MR       .....     Rnd*Rage +   (boots unavailable)
Stlth    ..........             (no amulet)
HPRegen  0.23/turn              v - +5 ring of evasion
MPRegen  0.10/turn              (no ring)

@: agile, berserking, lethally poisoned (0 -> -13), very quick
A: large, unfitting armour, horns 1, molten scales 1, berserk 1, tough skin 1,
MP-powered wands
a: Receive Corpses, Renounce Religion


You were on level 3 of the Dungeon.
You worshipped Kikubaaqudgha.
Kikubaaqudgha was aware of your devotion.
You were hungry.

You visited 1 branch of the dungeon, and saw 3 of its levels.

You collected 191 gold pieces.

Inventory:

Hand Weapons
 a - a +0 whip
 b - a +0 hunting sling
 t - a +3 short sword (weapon)
Missiles
 h - 634 stones (quivered)
 o - a large rock
 q - 173 arrows
Armour
 c - a +1 hat (worn)
 d - a +1 robe
 k - a +1 robe (worn)
Jewellery
 m - an uncursed ring of ice
 v - a +5 ring of evasion (left hand)
 x - an uncursed ring of protection from cold {unknown}
Scrolls
 f - a scroll of acquirement
 g - 2 scrolls of magic mapping {@r5 !r}
 j - a scroll of fear {unknown}
 l - 2 scrolls of enchant weapon {unknown}
 p - 4 scrolls of remove curse {unknown}
 s - a scroll of identify {unknown}
 w - a scroll of enchant armour {unknown}
 y - a scroll of teleportation {unknown}
Potions
 r - a potion of curing {unknown}
 u - a potion of mutation
 z - a potion of resistance {unknown}
Comestibles
 e - 11 rations {!d}
 A - 3 chunks of flesh


   Skills:
 * Level 3.8 Fighting
 * Level 3.9 Maces & Flails
 + Level 3.1 Dodging
 - Level 2.4 Stealth
 + Level 0.8 Spellcasting
 + Level 0.5 Necromancy


You had 4 spell levels left.
You knew the following spells:

 Your Spells              Type           Power        Failure   Level  Hunger
a - Pain                  Necr           #.....       21%         1    ##.....

Your spell library contained the following spells:

 Spells                   Type           Power        Failure   Level  Hunger
 Animate Skeleton         Necr           N/A          21%         1    ##.....
 Corpse Rot               Necr           N/A          30%         2    ###....
 Vampiric Draining        Necr           #.........   52%         3    ####...


Dungeon Overview and Level Annotations

Branches:
Dungeon (3/12)

Altars:
Kikubaaqudgha
Qazlal
Wu Jian

Annotations:
D:2 Sigmund
D:3 Ijyb


Innate Abilities, Weirdness & Mutations

You are too large for most types of armour.
You have tough skin. (AC +1)
You have a pair of small horns on your head.
You are partially covered in molten scales. (AC +2)
You tend to lose your temper in combat.
You expend magic power (3 MP) to strengthen your wands.


Message History

The worker ant resists with some effort.
The worker ant bites you!
You barely miss the worker ant.
The worker ant is lightly wounded.
The worker ant completely misses you.
You hit the worker ant.
The worker ant is lightly wounded.
The worker ant bites you but does no damage.
You hit the worker ant but do no damage.
The worker ant is lightly wounded.
The worker ant barely misses you.
You hit the worker ant but do no damage.
The worker ant is lightly wounded.
The worker ant bites you. The worker ant closely misses you.
You barely miss the worker ant.
The worker ant is lightly wounded.
The worker ant bites you.
You hit the worker ant.
The worker ant is lightly wounded.
The worker ant bites you.
You are poisoned.
The worker ant poisons you!
You hit the worker ant.
The worker ant is moderately wounded.
You feel sick. The worker ant bites you. The worker ant closely misses you.
You hit the worker ant.
The worker ant is heavily wounded.
You feel sick. The worker ant bites you.
You hit the worker ant.
The worker ant is severely wounded.
You feel sick.
The worker ant bites you but does no damage.
You closely miss the worker ant.
The worker ant is severely wounded.
You feel sick. The worker ant bites you. The worker ant barely misses you.
You hit the worker ant but do no damage.
The worker ant is severely wounded.
The worker ant barely misses you.
You hit the worker ant.
The worker ant is almost dead.
You feel sick.
The worker ant bites you but does no damage.
You barely miss the worker ant.
The worker ant is almost dead.
The worker ant bites you. x2
You barely miss the worker ant.
The worker ant is almost dead.
You feel sick. The worker ant bites you.
* * * LOW HITPOINT WARNING * * *
You barely miss the worker ant.
The worker ant is almost dead.
The worker ant bites you.
* * * LOW HITPOINT WARNING * * *
You are lethally poisoned!
The worker ant poisons you!
Your magical contamination has completely faded away.
You hit the worker ant.
The worker ant is almost dead.
* * * LOW HITPOINT WARNING * * *
You feel sick.
The worker ant bites you but does no damage.
It was a potion of mutation.
You feel extremely strange.
You feel a little pissed off.
Molten scales grow over part of your body.
A pair of horns grows on your head!
You feel your magical essence link to your wands.
* * * LOW HITPOINT WARNING * * *
You feel sick.
The worker ant bites you but does no damage.
The worker ant closely misses you.
It was a potion of agility.
You feel agile all of a sudden.
* * * LOW HITPOINT WARNING * * *
You feel sick. The worker ant misses you.
You hit the worker ant but do no damage.
The worker ant is almost dead.
* * * LOW HITPOINT WARNING * * *
You feel sick. The worker ant bites you.
* * * LOW HITPOINT WARNING * * *
You are more poisoned.
The worker ant poisons you!
You hit the worker ant.
You kill the worker ant!
Kikubaaqudgha accepts your kill.
* * * LOW HITPOINT WARNING * * *
You feel sick.
It was a potion of berserk rage.
A red film seems to cover your vision as you go berserk!
You feel yourself moving faster!
You feel mighty!
* * * LOW HITPOINT WARNING * * *
You feel sick.
No path to travel!
There is a lethal amount of poison in your body!
You are agile.
You are possessed by a berserker rage.
You are lethally poisoned (1 -> -12).
Your movement speed is very quick.
Your attack speed is quite fast.
Your base attributes are Str 16, Int 15, Dex 7.
You feel a strong urge to attack something.
You die...
Kikubaaqudgha rasps: "You have failed me!
Welcome... death!"

# #...#...........##....
#≈ #.⌠.#.......#...##....
.#≈≈#...#..######...######
#≈≈≈≈###...# ###
≈≈≈≈≈≈.....# ≈≈≈≈≈≈.....#
#≈≈≈≈###...# .#≈≈#b!.#..#
#≈ #.⌠.#@.# # #a..#..#
.≈###...# ... ....## ##.
###### #


There were no monsters in sight!

Vanquished Creatures
  A worker ant (D:3)
  A gnoll (D:1)
  2 adders
  An ooze (D:3)
  4 worms
  A dart slug (D:2)
  2 leopard geckos (D:2)
  7 bats
  2 giant cockroaches
  5 hobgoblins
  14 kobolds
  2 quokkas (D:2)
  4 frilled lizards
  13 goblins
  9 rats
68 creatures vanquished.

Notes
Turn   | Place    | Note
-------+----------+-------------------------------------------
     0 | D:1      | MisterOstroum the Ogre Archaeologist began the quest for
                  | the Orb.
     0 | D:1      | Reached XP level 1. HP: 19/19 MP: 1/1
    94 | D:1      | Reached XP level 2. HP: 6/28 MP: 2/2
   883 | D:1      | Reached XP level 3. HP: 36/36 MP: 3/3
  1451 | D:2      | Found a stormy altar of Qazlal.
  1484 | D:2      | Noticed Sigmund
  1907 | D:2      | Reached XP level 4. HP: 41/45 MP: 4/4
  2734 | D:2      | Found a faded altar of an unknown god.
  2786 | D:2      | Became a worshipper of Kikubaaqudgha
  2786 | D:2      | Reached * piety under Kikubaaqudgha
  2786 | D:2      | Identified Kikubaaqudgha's Grimoire of Necromancy
                  | (Kikubaaqudgha gifted it to you on level 2 of the Dungeon)
  2786 | D:2      | Received a gift from Kikubaaqudgha
  3123 | D:2      | Found an ornate altar of the Wu Jian Council.
  3248 | D:3      | Learned a level 1 spell: Pain
  3485 | D:3      | Reached XP level 5. HP: 53/53 MP: 5/5
  3485 | D:3      | Identified a scroll of acquirement
  3558 | D:3      | Noticed Ijyb
  3670 | D:3      | Gained mutation: You tend to lose your temper in combat.
                  | [potion of mutation]
  3670 | D:3      | Gained mutation: You are partially covered in molten
                  | scales. (AC +2) [potion of mutation]
  3670 | D:3      | Gained mutation: You have a pair of small horns on your
                  | head. [potion of mutation]
  3670 | D:3      | Gained mutation: You expend magic power (3 MP) to
                  | strengthen your wands. [potion of mutation]
  3673 | D:3      | HP: 1/54 [poisoned by a worker ant]
  3675 | D:3      | Succumbed to a worker ant's poison

Skill      XL: |  1  2  3 |
---------------+----------+-----
Maces & Flails | 2 3 |  3.9
Fighting       | 2 3 |  3.8
Dodging        | 3 |  3.1
Stealth        | |  2.4
Spellcasting   | |  0.8
Necromancy     | |  0.5

Action                   |  1- 3 |  4- 6 || total
-------------------------+-------+-------++-------
Melee: Whip              |   194 |    27 ||   221
       Short sword       |       |    68 ||    68
Throw: Stone             |     1 |       ||     1
 Cast: Pain              |       |     2 ||     2
  Use: Potion            |       |     3 ||     3
 Stab: Sleeping          |     1 |     2 ||     3
  Eat: Chunk             |     3 |     2 ||     5
       Ration            |       |     1 ||     1
Armor: Robe              |    99 |    14 ||   113
Dodge: Dodged            |   139 |    49 ||   188
